 Dungeon Crawl Stone Soup version 0.31-a0-986-g5e6e4ef867 (webtiles) character file.

Game seed: 17988161662183861824

215 Dittersdorf the Trooper (level 5, -1/34 HPs)
             Began as a Gargoyle Fighter on Nov 6, 2023.
             Slain by Pikel
             ... wielding a +1 whip of flaming
              (2 damage)
             ... on level 4 of the Dungeon.
             The game lasted 00:02:44 (2591 turns).

Dittersdorf the Trooper (Gargoyle Fighter)          Turns: 2591, Time: 00:02:45

Health: -1/34      AC: 12    Str: 22    XL:     5   Next: 92%
Magic:  5/5        EV:  9    Int:  8    God:
Gold:   162        SH:  4    Dex:  9    Spells: 4/4 levels left

rFire   . . .        a - +0 flail
rCold   + . .        c - +0 buckler
rNeg    + . .        b - +0 scale mail
rPois   ∞            (no helmet)
rElec   +            (no cloak)
rCorr   .            s - +0 pair of gloves
SInv    .            (no boots)
Will    .....        q - amulet of the acrobat Stlth
                     h - ring of protection from cold
HPRegen 0.25/turn    (no ring)
MPRegen 0.09/turn

%: acrobat
@: no status effects
A: sickness immunity, AC +4, negative energy resistance 1, electricity
resistance, torment resistance 1, petrification resistance
a: no special abilities


You were on level 4 of the Dungeon.
You visited 1 branch of the dungeon, and saw 4 of its levels.

You collected 162 gold pieces.

Inventory:

Hand Weapons
 a - a +0 flail (weapon)
Armour
 b - a +0 scale mail (worn)
 c - a +0 buckler (worn)
 s - a +0 pair of gloves (worn)
Jewellery
 h - a ring of protection from cold (left hand)
 q - an amulet of the acrobat (around neck)
Scrolls
 e - a scroll of amnesia {unknown}
 f - 2 scrolls of teleportation
 j - a scroll of immolation {unknown}
 k - a scroll of identify {unknown}
 n - a scroll of poison {unknown}
 o - a scroll of fog {unknown}
Potions
 d - a potion of might
 g - 2 potions of heal wounds {unknown}
 m - 2 potions of curing {unknown}
 p - 2 potions of attraction {unknown}
 r - a potion of haste {unknown}


   Skills:
 + Level 4.5 Fighting
 + Level 3.3 Maces & Flails
 + Level 4.4 Armour
 + Level 4.5 Shields


You had 4 spell levels left.
You didn't know any spells.
Your spell library contained the following spells:

 Spells                   Type           Power      Damage    Failure   Level
 Magic Dart               Conj           0%         1d3       80%         1
 Necrotise                Necr           0%         1d4       80%         1
 Call Imp                 Summ           0%         N/A       90%         2
 Mephitic Cloud           Conj/Pois/Air  0%         N/A       99%         3
 Vampiric Draining        Necr           0%         2d6       99%         3
 Agony                    Necr           0%         N/A       100%        5


Dungeon Overview and Level Annotations

Branches:
Dungeon (4/15)
 Temple: D:4-7

Altars:
Dithmenos
Wu Jian

Shops:
D:4 *

Annotations:
D:3 3 runed translucent doors, mattiecakes's ghost, amateur GrFi
D:4 Pikel


Innate Abilities, Weirdness & Mutations

You are immune to sickness and miasma.
Your stone body is resilient. (AC +4)
You are immune to poison.
You resist negative energy. (rN+)
You are resistant to electric shocks. (rElec)
You are resistant to unholy torment.
You are immune to petrification.


Message History

Pikel is heavily wounded.
Pikel barely misses you.
You completely miss Pikel.
Pikel is heavily wounded.
Pikel looks more healthy.
Pikel hits you with a +1 whip of flaming.
Pikel burns you.
You hit Pikel but do no damage.
Pikel is heavily wounded.
Pikel hits you but does no damage. You block Pikel's attack.
You barely miss Pikel.
Pikel is heavily wounded.
Pikel hits you with a +1 whip of flaming.
Pikel burns you.
You closely miss Pikel.
Pikel is heavily wounded.
Pikel hits you with a +1 whip of flaming.
* * * LOW HITPOINT WARNING * * *
Pikel burns you.
* * * LOW HITPOINT WARNING * * *
You closely miss Pikel.
Pikel is heavily wounded.
You block Pikel's attack.
You barely miss Pikel.
Pikel is heavily wounded.
You block Pikel's attack.
Pikel hits you with a +1 whip of flaming.
* * * LOW HITPOINT WARNING * * *
Pikel burns you.
* * * LOW HITPOINT WARNING * * *
You hit Pikel but do no damage.
Pikel is heavily wounded.
Pikel hits you but does no damage.
You hit Pikel but do no damage.
Pikel is heavily wounded.
Pikel hits you with a +1 whip of flaming.
* * * LOW HITPOINT WARNING * * *
Pikel burns you.
You die...
Pikel says, "Another soul for the market."

... ####.#.# #.# ..
.....#....#.###.# ..
................# #.
....#.####.##### #.
...##># #.# #. #.# #.#
#.# ##.###.#
#.####.######
#((.##.###.##..(..†...
#5K@..?.......######
#)..##..>.....###
###........####
##########


You could see Pikel and a lemure.

Vanquished Creatures
  A lemure (D:4)
  A scorpion (D:4)
  A jelly (D:4)
  An iguana (D:4)
  A gnoll (D:1)
  2 worms (D:4)
  5 dart slugs
  4 orcs
  7 ball pythons
  6 bats
  6 endoplasms
  2 giant cockroaches
  5 goblins
  7 hobgoblins
  5 quokkas
  4 frilled lizards
  5 kobolds
  7 rats
70 creatures vanquished.

Notes
Turn   | Place    | Note
-------+----------+-------------------------------------------
     0 | D:1      | Dittersdorf the Gargoyle Fighter began the quest for the
                  | Orb.
     0 | D:1      | Reached XP level 1. HP: 14/14 MP: 1/1
   113 | D:1      | Found a faded altar of an unknown god.
   218 | D:1      | Reached XP level 2. HP: 18/19 MP: 2/2
   414 | D:1      | You fall into a shaft and drop 1 floor!
   541 | D:1      | Reached XP level 3. HP: 13/24 MP: 3/3
  1362 | D:3      | Found a runed translucent gate.
  1362 | D:3      | Found a runed translucent gate.
  1362 | D:3      | Found a runed translucent gate.
  1365 | D:3      | Noticed a steam dragon
  1366 | D:3      | Noticed mattiecakes's ghost (amateur GrFi)
  1444 | D:3      | Found an ornate altar of the Wu Jian Council.
  1503 | D:3      | Found a shadowy altar of Dithmenos.
  1524 | D:3      | Reached XP level 4. HP: 28/29 MP: 4/4
  2121 | D:4      | Found Fuiptoo's Assorted Antiques.
  2154 | D:4      | Reached XP level 5. HP: 15/33 MP: 5/5
  2546 | D:4      | Noticed a lemure
  2564 | D:4      | Killed a lemure
  2575 | D:4      | Noticed Pikel
  2579 | D:4      | Noticed a lemure
  2591 | D:4      | HP: 1/34 [Pikel/+1 whip of flaming (3)]
  2591 | D:4      | Slain by Pikel

Illustrated notes

Levels and vault maps discovered:
D:1:      moated_graveyard_arrival, layout_basic, nicolae_ecumenical_lake_church
D:2:      layout_basic
D:3:      layout_basic, mainiacjoe_overflow_catch_the_wave,
          gammafunk_ghost_split, grunt_ministairs_13, uniq_crazy_yiuf_cottage
D:4:      layout_loops_ring, serial_shops, shop, shop, shop,
          nicolae_shop_statue_plus, uniq_pikel

Skill      XL: |  1  2  3  4 |
---------------+-------------+-----
Fighting       | 4 |  4.5
Shields        | 4 |  4.5
Armour         | 4 |  4.4
Maces & Flails | 3 |  3.3

Action                     |  1- 3 |  4- 6 || total
---------------------------+-------+-------++-------
  Melee: Flail             |   119 |   119 ||   238
  Throw: Dart              |       |     3 ||     3
    Use: Scroll            |       |     2 ||     2
 Armour: Scale mail        |    90 |    81 ||   171
  Dodge: Dodged            |    57 |    62 ||   119
  Block: Buckler           |    30 |    21 ||    51

Table legend: (Time is in decaauts)
 A = Elapsed time spent in this place.
 B = Non-inter-level travel time spent in this place.
 C = Inter-level travel time spent in this place.
 D = Time resting spent in this place.
 E = Time spent auto-exploring this place.
 F = Levels seen in this place.
 G = Mean time per level.
                   A        B        C        D        E       F      G
               +--------+--------+--------+--------+--------+-----+--------+
         Total |   2666 |   2569 |     97 |    199 |   1778 |   4 |  666.5 |
       Dungeon |   2666 |   2569 |     97 |    199 |   1778 |   4 |  666.5 |
               +--------+--------+--------+--------+--------+-----+--------+

Top non-repeatable levels by time:
     D:3: 869 daAuts
     D:1: 823 daAuts
     D:2: 594 daAuts
     D:4: 379 daAuts
